 Dungeon Crawl Stone Soup version 0.28-a0-991-g956f0ee3d5 (webtiles) character file.

Game seed: 16584605585161408705

70 Gwenloh the Firebug (level 3, -2/26 HPs)
             Began as a Demigod Fire Elementalist on Dec 4, 2021.
             Slain by Grinder (5 damage)
             ... on level 3 of the Dungeon.
             The game lasted 00:08:01 (2698 turns).

Gwenloh the Firebug (Demigod Fire Elementalist)     Turns: 2698, Time: 00:08:02

Health: -2/26      AC:  2    Str:  9    XL:     3   Next: 76%
Magic:  2/9        EV: 12    Int: 21    God:
Gold:   85         SH:  0    Dex: 14    Spells: 4/7 levels left

rFire   . . .      SeeInvis .   d - +0 short sword
rCold   . . .      Faith    .   (no shield)
rNeg    . . .      Spirit   .   a - +0 robe
rPois   .          Reflect  .   (no helmet)
rElec   .          Harm     .   (no cloak)
rCorr   .          Rampage  .   (no gloves)
Will    .....                   (no boots)
Stlth   ++........              (no amulet)
HPRegen 0.08/turn               (no ring)
MPRegen 0.11/turn               (no ring)

@: very slightly contaminated
A: high mp 1, forlorn, divine attributes
a: no special abilities


You were on level 3 of the Dungeon.
You visited 1 branch of the dungeon, and saw 3 of its levels.

You collected 85 gold pieces.

Inventory:

Hand Weapons
 d - a +0 short sword (weapon)
Armour
 a - a +0 robe (worn)
Scrolls
 b - 4 scrolls of identify {unknown}
 c - 2 scrolls of noise {unknown}
 f - a scroll of amnesia {unknown}
 g - a scroll of vulnerability {unknown}
 j - a scroll of enchant armour {unknown}
 k - a scroll of teleportation {unknown}
 l - 2 scrolls of magic mapping {unknown}
 n - a scroll of fear {unknown}
Potions
 e - a potion of lignification {unknown}
 h - a potion of attraction {unknown}
 i - a potion of mutation {unknown}
 m - a potion of flight {unknown}


   Skills:
 - Level 1.7 Dodging
 - Level 1.7 Stealth
 + Level 2.5 Spellcasting
 + Level 2.1 Conjurations
 + Level 3.3 Fire Magic


You had 4 spell levels left.
You knew the following spells:

 Your Spells              Type           Power      Damage    Failure   Level
a - Foxfire               Conj/Fire      56%        2x1d6     4%          1
b - Scorch                Fire           32%        2d7       5%          2

Your spell library contained the following spells:

 Spells                   Type           Power      Damage    Failure   Level
 Conjure Flame            Conj/Fire      14%        6-21      14%         3
 Inner Flame              Hex/Fire       9%         N/A       22%         3
 Flame Wave               Conj/Fire      14%        2d5       41%         4
 Fulminant Prism          Conj/Hex       3%         3d6       65%         4
 Iskenderun's Mystic Bla  Conj/Tloc      7%         2d4       65%         4
 Lee's Rapid Deconstruct  Erth           1%         3d5*      98%         5


Dungeon Overview and Level Annotations

Branches:
Dungeon (3/15)

Shops:
D:2 ((*

Annotations:
D:3 Grinder


Innate Abilities, Weirdness & Mutations

You have an increased reservoir of magic. (+10% MP)
You shall have no god before yourself.
Your divine heritage dramatically boosts your attributes as you level up.


Message History

Grinder is moderately wounded.
Grinder gestures at you.
You suddenly lose the ability to move!
The foxfire hits Grinder but does no damage.
Grinder is moderately wounded.
The foxfire hits Grinder.
Grinder is heavily wounded.
Grinder gestures at you. You resist with significant effort.
You can move again.
Casting: Foxfire (safe; 4% risk of failure)
Confirm with . or Enter, or press ? or * to list all spells.
Flames lash Grinder.
Grinder is heavily wounded.
Grinder's fire resistance burns away.
Grinder hits you!
You writhe in agony.
Unknown command.
Casting: Scorch (safe; 5% risk of failure)
Confirm with . or Enter, or press ? or * to list all spells.
You miscast Scorch.
You are very lightly contaminated with residual magic.
Nothing appears to happen.
Grinder barely misses you.
Unknown command.
Casting: Scorch (safe; 5% risk of failure)
Confirm with . or Enter, or press ? or * to list all spells.
You don't have enough magic to cast this spell.
Unknown command.
Casting: Scorch (safe; 5% risk of failure)
Confirm with . or Enter, or press ? or * to list all spells.
You don't have enough magic to cast this spell.
You hit Grinder.
Grinder is severely wounded.
Grinder hits you!
* * * LOW HITPOINT WARNING * * *
You writhe in agony.
* * * LOW HITPOINT WARNING * * *
Grinder is no longer more vulnerable to fire.
Grinder hits you.
* * * LOW HITPOINT WARNING * * *
You writhe in agony.
You die...

##.# ##..# #.... ##### #....
############ ### #...###..##
...........# ##.##
#........'. .#########.#
##...###...###..## .#
######.#####.................
.#
#...........@......#####...#.
.#
#.##...####.5................
.# #..........)............5.
.#
#§...........###..≈##......
.#
#..#.##..#..........#######
.####.>......#.....##.≈≈..#
.......#####.......##..≈≈.#
.......# #.#.....##..≈≈.#
#.####.# #....#..##.....#


You could see Grinder.

Vanquished Creatures
  An adder (D:2)
  4 worms
  An orc (D:2)
  4 endoplasms
  2 giant cockroaches
  2 goblins
  7 hobgoblins
  2 kobolds (D:2)
  2 quokkas
  2 ball pythons
  9 bats
  3 frilled lizards
  5 rats
44 creatures vanquished.

Vanquished Creatures (others)
  133 foxfires
133 creatures vanquished.

Grand Total: 177 creatures vanquished

Notes
Turn   | Place    | Note
-------+----------+-------------------------------------------
     0 | D:1      | Gwenloh the Demigod Fire Elementalist began the quest for
                  | the Orb.
     0 | D:1      | Reached XP level 1. HP: 14/14 MP: 5/5
    65 | D:1      | Reached skill level 1 in Conjurations
   564 | D:1      | Reached XP level 2. HP: 20/20 MP: 5/7
   567 | D:1      | Learned a level 2 spell: Scorch
   683 | D:1      | Reached skill level 3 in Fire Magic
   945 | D:1      | You fall into a shaft and drop 1 floor!
   992 | D:2      | Found Seysum's Assorted Antiques.
  1738 | D:2      | Reached XP level 3. HP: 26/26 MP: 7/9
  1823 | D:2      | Found Weoluce's Antique Weapon Boutique.
  2011 | D:2      | Found Vetoxtul's Weapon Shop.
  2647 | D:3      | Noticed Grinder
  2693 | D:3      | Paralysed by Grinder for 2 turns
  2698 | D:3      | Slain by Grinder

Illustrated notes

Levels and vault maps discovered:
D:1:      wander_arrival_desolate, layout_basic, ebering_ecumenical_altar_rust
D:2:      layout_rooms, serial_shops, shop, nicolae_shop_advertising_works
          [nicolae_subvault_shop_adworks], nicolae_shop_window_shopping,
          hex_large, minmay_statues_item
D:3:      wad_crossroads, layout_loops_ring,
          mainiacjoe_overflow_surrounded_room, serial_rivers,
          chequers_serial_rivers_marsh, chequers_serial_rivers_marsh,
          chequers_serial_rivers_small_b, chequers_serial_rivers_marsh,
          chequers_serial_rivers_micro_d, chequers_serial_rivers_micro_c,
          uniq_jessica, uniq_grinder

Skill      XL: |  1  2  3 |
---------------+----------+-----
Conjurations   | 1 2 |  2.1
Spellcasting   | 2 |  2.5
Fire Magic     | 3 |  3.3
Dodging        | |  1.7
Stealth        | |  1.7

Action                   || total
-------------------------++-------
Melee: Short sword       ||     6
 Cast: Foxfire           ||    79
       Scorch            ||    11
Armor: Robe              ||     1
Dodge: Dodged            ||     4

Table legend: (Time is in decaauts)
 A = Elapsed time spent in this place.
 B = Non-inter-level travel time spent in this place.
 C = Inter-level travel time spent in this place.
 D = Time resting spent in this place.
 E = Time spent auto-exploring this place.
 F = Levels seen in this place.
 G = Mean time per level.
                   A        B        C        D        E       F      G
               +--------+--------+--------+--------+--------+-----+--------+
         Total |   2699 |   2595 |    104 |    223 |   1928 |   3 |  899.7 |
       Dungeon |   2699 |   2595 |    104 |    223 |   1928 |   3 |  899.7 |
               +--------+--------+--------+--------+--------+-----+--------+

Top non-repeatable levels by time:
     D:1: 1286 daAuts
     D:2: 957 daAuts
     D:3: 455 daAuts
